| TOP OF THE 1ST |
|
Danville Braves batting - Pitching for Chicago (APP) Cubs : RHP Karl Stuart
|
|
Pitching: RHP Karl Stuart
|
|
|
Batting: LHB Erik Gretzky
|
0-0: Ball 1-0: Ball 2-0: Called Strike 2-1: Ball 3-1: Base on Balls
|
|
Batting: RHB Hisayuki Akiyama
|
0-0: Called Strike 0-1: Ball 1-1: Ball 2-1: Ball 3-1: Foul Ball, location: 2F 3-2: Foul Ball, location: 2F 3-2: Strikes out swinging
|
|
Batting: LHB Alexis Cantu
|
0-0: Ball Erik Gretzky steals 2nd base (no throw) 1-0: SINGLE (Groundball, 6M, EV 85.0 MPH) (infield hit) Erik Gretzky to third
|
|
Batting: RHB Badr al Din Ridha
|
0-0: Ball 1-0: Ball 2-0: Called Strike 2-1: Swinging Strike 2-2: Ball 3-2: Fielders Choice at 2nd, 4-6 (Groundball, 4M, EV 86.9 MPH) Erik Gretzky scores
|
|
Batting: RHB Ingidayehu Lagat
|
0-0: Foul Ball, location: 2F 0-1: Ball 1-1: Ball 2-1: TRIPLE (Flyball, 9LD, EV 95.0 MPH) Badr al Din Ridha scores
|
|
Batting: SHB Jordan Barragan
|
0-0: Called Strike 0-1: Ball 1-1: Called Strike 1-2: Hit by Pitch
|
|
Batting: RHB Zach Hulme
|
0-0: Called Strike 0-1: Reached on error, E4 (Line Drive, 4, EV 65.0 MPH) Ingidayehu Lagat scores Jordan Barragan to second
|
|
Batting: RHB Armando Moz
|
0-0: Ball 1-0: Swinging Strike 1-1: Ball 2-1: Fly out, F2 (Popup, 5SF, EV 75.0 MPH)
|
| Top of the 1st over - 3 runs, 2 hits, 1 error, 2 left on base; Danville 3 - Chicago (APP) 0 |
| BOTTOM OF THE 1ST |
|
Chicago (APP) Cubs batting - Pitching for Danville Braves : RHP Chris Hawkins
|
|
Pitching: RHP Chris Hawkins
|
|
|
Batting: RHB Andy Huntley
|
0-0: Called Strike 0-1: Ball 1-1: Ball 2-1: Foul Ball, location: 2F 2-2: Strikes out swinging
|
|
Batting: RHB Leonardo Nava
|
0-0: Ball 1-0: Called Strike 1-1: DOUBLE (Line Drive, 7LS, EV 111.3 MPH)
|
|
Batting: RHB Taylor Garofalo
|
0-0: Ground out U3 (Groundball, 3L, EV 84.4 MPH) Leonardo Nava to third
|
|
Batting: RHB Ryan Bush
|
0-0: Called Strike 0-1: Ball 1-1: Swinging Strike 1-2: Ball 2-2: Ground out 4-3 (Groundball, 4S, EV 91.3 MPH)
|
| Bottom of the 1st over - 0 runs, 1 hit, 0 errors, 1 left on base; Danville 3 - Chicago (APP) 0 |
| TOP OF THE 2ND |
|
Danville Braves batting - Pitching for Chicago (APP) Cubs : RHP Karl Stuart
|
|
Batting: RHB Adonis Jenifer
|
0-0: Ground out U3 (Groundball, 3, EV 105.6 MPH)
|
|
Batting: LHB Erik Gretzky
|
0-0: SOLO HOME RUN (Flyball, 7LD, EV 95.0 MPH), Distance : 359 ft
|
|
Batting: RHB Hisayuki Akiyama
|
0-0: Foul Ball, location: 2F 0-1: Ball 1-1: Swinging Strike 1-2: Foul Ball, location: 2F 1-2: Strikes out swinging
|
|
Batting: LHB Alexis Cantu
|
0-0: Called Strike 0-1: Ball 1-1: Foul Ball, location: 2F 1-2: Strikes out swinging
|
| Top of the 2nd over - 1 run, 1 hit, 0 errors, 0 left on base; Danville 4 - Chicago (APP) 0 |
| BOTTOM OF THE 2ND |
|
Chicago (APP) Cubs batting - Pitching for Danville Braves : RHP Chris Hawkins
|
|
Batting: LHB Mark Ingram
|
0-0: Ball 1-0: Ball 2-0: Called Strike 2-1: Foul Ball, location: 2F 2-2: Ball 3-2: Foul Ball, location: 2F 3-2: Foul Ball, location: 2F 3-2: SINGLE (Groundball, 56D, EV 104.4 MPH)
|
|
Batting: SHB Gabriel Cruz
|
0-0: Ball 1-0: Called Strike 1-1: Called Strike 1-2: Ball 2-2: Foul Ball, location: 2F 2-2: Fielders Choice at 2nd, 4-6 (Groundball, 4, EV 101.3 MPH)
|
|
Batting: RHB Han-seung Hah
|
0-0: Called Strike 0-1: Ball 1-1: Called Strike 1-2: Strikes out swinging
|
|
Batting: RHB Jake Mitchell
|
0-0: Called Strike 0-1: Ball 1-1: Ball Gabriel Cruz steals 2nd base 2-1: Foul Ball, location: 2F 2-2: Fly out, F8 (Flyball, 8LM, EV 84.4 MPH)
|
| Bottom of the 2nd over - 0 runs, 1 hit, 0 errors, 1 left on base; Danville 4 - Chicago (APP) 0 |
| TOP OF THE 3RD |
|
Danville Braves batting - Pitching for Chicago (APP) Cubs : RHP Karl Stuart
|
|
Batting: RHB Badr al Din Ridha
|
0-0: Ball 1-0: Ball 2-0: SINGLE (Line Drive, 6MD, EV 94.4 MPH)
|
|
Batting: RHB Ingidayehu Lagat
|
0-0: Swinging Strike 0-1: Called Strike 0-2: Ball Badr al Din Ridha steals 2nd base 1-2: Strikes out swinging
|
|
Batting: SHB Jordan Barragan
|
0-0: Called Strike 0-1: Ball 1-1: Foul Ball, location: 2F 1-2: Strikes out swinging
|
|
Batting: RHB Zach Hulme
|
0-0: Called Strike 0-1: Called Strike 0-2: Ball 1-2: Strikes out looking
|
| Top of the 3rd over - 0 runs, 1 hit, 0 errors, 1 left on base; Danville 4 - Chicago (APP) 0 |
| BOTTOM OF THE 3RD |
|
Chicago (APP) Cubs batting - Pitching for Danville Braves : RHP Chris Hawkins
|
|
Batting: RHB Jerry Blas
|
0-0: Called Strike 0-1: Swinging Strike 0-2: Strikes out looking
|
|
Batting: RHB Andy Huntley
|
0-0: Hit by Pitch
|
|
Batting: RHB Leonardo Nava
|
0-0: Called Strike Andy Huntley steals 2nd base 0-1: Swinging Strike 0-2: DOUBLE (Line Drive, 78XD, EV 110.6 MPH) Andy Huntley scores
|
|
Batting: RHB Taylor Garofalo
|
0-0: Ball Leonardo Nava steals 3rd base 1-0: Ground out 6-3 (Groundball, 6, EV 86.3 MPH) Leonardo Nava scores
|
|
Batting: RHB Ryan Bush
|
0-0: Foul Ball, location: 2F 0-1: Ground out 6-3 (Groundball, 6, EV 88.1 MPH)
|
| Bottom of the 3rd over - 2 runs, 1 hit, 0 errors, 0 left on base; Danville 4 - Chicago (APP) 2 |
| TOP OF THE 4TH |
|
Danville Braves batting - Pitching for Chicago (APP) Cubs : RHP Karl Stuart
|
|
Batting: RHB Armando Moz
|
0-0: SINGLE (Line Drive, 7LS, EV 102.5 MPH)
|
|
Batting: RHB Adonis Jenifer
|
0-0: Called Strike 0-1: Ball 1-1: Swinging Strike 1-2: Strikes out swinging
|
|
Batting: LHB Erik Gretzky
|
0-0: Ball 1-0: Foul Ball, location: 2F 1-1: Ball 2-1: Called Strike 2-2: Strikes out swinging
|
|
Batting: RHB Hisayuki Akiyama
|
0-0: Called Strike 0-1: Foul Ball, location: 2F 0-2: Foul Ball, location: 2F 0-2: Ball 1-2: Foul Ball, location: 2F 1-2: Ball 2-2: Strikes out swinging
|
| Top of the 4th over - 0 runs, 1 hit, 0 errors, 1 left on base; Danville 4 - Chicago (APP) 2 |
| BOTTOM OF THE 4TH |
|
Chicago (APP) Cubs batting - Pitching for Danville Braves : RHP Chris Hawkins
|
|
Batting: LHB Mark Ingram
|
0-0: Ball 1-0: Called Strike 1-1: Ball 2-1: Foul Ball, location: 2F 2-2: Strikes out looking
|
|
Batting: SHB Gabriel Cruz
|
0-0: Ball 1-0: Ball 2-0: SOLO HOME RUN (Flyball, 9D, EV 100.0 MPH), Distance : 389 ft
|
|
Batting: RHB Han-seung Hah
|
0-0: Ball 1-0: Ball 2-0: Called Strike 2-1: Ground out 6-3 (Groundball, 6, EV 86.9 MPH)
|
|
Batting: RHB Jake Mitchell
|
0-0: Ground out 6-3 (Groundball, 6, EV 97.5 MPH)
|
| Bottom of the 4th over - 1 run, 1 hit, 0 errors, 0 left on base; Danville 4 - Chicago (APP) 3 |
| TOP OF THE 5TH |
|
Danville Braves batting - Pitching for Chicago (APP) Cubs : RHP Karl Stuart
|
|
Batting: LHB Alexis Cantu
|
0-0: SOLO HOME RUN (Line Drive, 9D, EV 108.8 MPH), Distance : 403 ft
|
|
Batting: RHB Badr al Din Ridha
|
0-0: Called Strike 0-1: Ball 1-1: Ground out 3-1 (Groundball, 34S, EV 88.8 MPH)
|
|
Batting: RHB Ingidayehu Lagat
|
0-0: Foul Ball, location: 2F 0-1: Ball 1-1: Swinging Strike 1-2: Foul Ball, location: 2F 1-2: Foul Ball, location: 2F 1-2: Strikes out looking
|
|
Batting: SHB Jordan Barragan
|
0-0: Called Strike 0-1: Ball 1-1: Swinging Strike 1-2: Strikes out looking
|
| Top of the 5th over - 1 run, 1 hit, 0 errors, 0 left on base; Danville 5 - Chicago (APP) 3 |
| BOTTOM OF THE 5TH |
|
Chicago (APP) Cubs batting - Pitching for Danville Braves : RHP Chris Hawkins
|
|
Batting: RHB Jerry Blas
|
0-0: Ball 1-0: Called Strike 1-1: Foul Ball, location: 2F 1-2: Ball 2-2: Ball 3-2: Ground out 4-3 (Groundball, 4, EV 106.9 MPH)
|
|
Batting: RHB Andy Huntley
|
0-0: Ball 1-0: Ball 2-0: Ball 3-0: Base on Balls
|
|
Batting: RHB Leonardo Nava
|
0-0: SINGLE (Groundball, 34D, EV 98.1 MPH) Andy Huntley to second Runner from 2nd tries for 3rd, OUT! 9-5 Leonardo Nava to second
|
|
Batting: RHB Taylor Garofalo
|
0-0: Called Strike 0-1: Ground out 6-3 (Groundball, 6, EV 85.0 MPH)
|
| Bottom of the 5th over - 0 runs, 1 hit, 0 errors, 1 left on base; Danville 5 - Chicago (APP) 3 |
| TOP OF THE 6TH |
|
Danville Braves batting - Pitching for Chicago (APP) Cubs : RHP Karl Stuart
|
|
Batting: RHB Zach Hulme
|
0-0: Ball 1-0: Ball 2-0: Ball 3-0: Base on Balls
|
|
Batting: RHB Armando Moz
|
0-0: Ball Zach Hulme is caught stealing 2nd base 2-4 1-0: Ball 2-0: Called Strike 2-1: SINGLE (Flyball, 34D, EV 86.3 MPH)
|
|
Batting: RHB Adonis Jenifer
|
0-0: Ball 1-0: Foul Ball, location: 2F 1-1: Foul Ball, location: 2F 1-2: Foul Ball, location: 2F 1-2: Ball 2-2: Ball 3-2: Foul Ball, location: 2F 3-2: Base on Balls Armando Moz to second
|
|
Pitching: LHP Eddie Panagos
|
|
|
Batting: LHB Erik Gretzky
|
0-0: Ball 1-0: Swinging Strike 1-1: Foul Ball, location: 2F 1-2: Foul Ball, location: 2F 1-2: Foul Ball, location: 2F 1-2: Foul Ball, location: 2F 1-2: Ball 2-2: Strikes out swinging
|
|
Batting: RHB Hisayuki Akiyama
|
0-0: Called Strike 0-1: Ball 1-1: Foul Ball, location: 2F 1-2: Ground out 5-3 (Groundball, 56S, EV 84.4 MPH)
|
| Top of the 6th over - 0 runs, 1 hit, 0 errors, 2 left on base; Danville 5 - Chicago (APP) 3 |
| BOTTOM OF THE 6TH |
|
Chicago (APP) Cubs batting - Pitching for Danville Braves : RHP Chris Hawkins
|
|
Batting: RHB Ryan Bush
|
0-0: Ball 1-0: Swinging Strike 1-1: Ground out 6-3 (Groundball, 6, EV 88.8 MPH)
|
|
Batting: LHB Mark Ingram
|
0-0: Ball 1-0: Ball 2-0: Ball 3-0: Called Strike 3-1: Base on Balls
|
|
Batting: SHB Gabriel Cruz
|
0-0: Ball 1-0: Ball 2-0: Fielders Choice at 2nd, 4-6 (Groundball, 34, EV 106.3 MPH)
|
|
Batting: RHB Han-seung Hah
|
0-0: Called Strike Gabriel Cruz steals 2nd, throwing error, E2 Gabriel Cruz to third 0-1: Ball 1-1: Ball 2-1: Foul Ball, location: 2F 2-2: Ground out 4-3 (Groundball, 4S, EV 66.9 MPH)
|
| Bottom of the 6th over - 0 runs, 0 hits, 1 error, 1 left on base; Danville 5 - Chicago (APP) 3 |
| TOP OF THE 7TH |
|
Danville Braves batting - Pitching for Chicago (APP) Cubs : LHP Eddie Panagos
|
|
Pitching: RHP Julio Arteaga
|
|
|
Batting: LHB Alexis Cantu
|
0-0: Ground out 5-3 (Groundball, 56, EV 103.1 MPH)
|
|
Batting: RHB Badr al Din Ridha
|
0-0: Ball 1-0: Ball 2-0: Swinging Strike 2-1: Ball 3-1: Foul Ball, location: 2F 3-2: Ground out U3 (Groundball, 13, EV 81.9 MPH)
|
|
Batting: RHB Ingidayehu Lagat
|
0-0: Called Strike 0-1: Foul Ball, location: 2F 0-2: Ball 1-2: Strikes out looking
|
| Top of the 7th over - 0 runs, 0 hits, 0 errors, 0 left on base; Danville 5 - Chicago (APP) 3 |
| BOTTOM OF THE 7TH |
|
Chicago (APP) Cubs batting - Pitching for Danville Braves : RHP Chris Hawkins
|
|
Pitching: RHP Gordon Cushing
|
|
|
Batting: RHB Jake Mitchell
|
0-0: Ball 1-0: Ball 2-0: Foul Ball, location: 2F 2-1: Ball 3-1: Base on Balls
|
|
Batting: RHB Jerry Blas
|
0-0: Ball 1-0: Foul Ball, location: 2F 1-1: Ball 2-1: Fly out, F9 (Flyball, 9LM, EV 86.3 MPH)
|
|
Batting: RHB Andy Huntley
|
0-0: Foul Ball, location: 2F 0-1: Ball 1-1: DOUBLE (Flyball, 89D, EV 106.9 MPH) Jake Mitchell to third
|
|
Batting: RHB Leonardo Nava
|
0-0: Called Strike 0-1: Ground out 6-3 (Groundball, 6, EV 91.9 MPH) Jake Mitchell scores Andy Huntley to third
|
|
Batting: RHB Taylor Garofalo
|
0-0: Called Strike 0-1: Fly out, F3 (Flyball, 3D, EV 88.1 MPH)
|
| Bottom of the 7th over - 1 run, 1 hit, 0 errors, 1 left on base; Danville 5 - Chicago (APP) 4 |
| TOP OF THE 8TH |
|
Danville Braves batting - Pitching for Chicago (APP) Cubs : RHP Julio Arteaga
|
|
Batting: SHB Jordan Barragan
|
0-0: Ball 1-0: Ball 2-0: Foul Ball, location: 2F 2-1: Ball 3-1: Called Strike 3-2: Base on Balls
|
|
Batting: RHB Zach Hulme
|
0-0: Called Strike Jordan Barragan steals 2nd base 0-1: SINGLE (Line Drive, 9LS, EV 100.6 MPH) Jordan Barragan to third
|
|
Batting: RHB Armando Moz
|
0-0: Called Strike Zach Hulme steals 2nd base 0-1: Hit by Pitch
|
|
Batting: RHB Adonis Jenifer
|
0-0: Swinging Strike 0-1: Ball 1-1: Swinging Strike 1-2: Ball 2-2: Fly out, F8 (Flyball, 8LM, EV 80.0 MPH) Runner from 3rd tags up, SCORES, throw by CF
|
|
Batting: LHB Erik Gretzky
|
0-0: Ball 1-0: Foul Ball, location: 2F 1-1: Swinging Strike 1-2: Ball 2-2: DOUBLE (Flyball, 89D, EV 95.6 MPH) Zach Hulme scores Armando Moz to third
|
|
Batting: RHB Hisayuki Akiyama
|
0-0: Ball 1-0: Foul Ball, location: 2F 1-1: Swinging Strike 1-2: Ball 2-2: Foul Ball, location: 2F 2-2: Foul Ball, location: 2F 2-2: Foul Ball, location: 2F 2-2: Fly out, F7 (Flyball, 7S, EV 90.6 MPH)
|
|
Batting: LHB Alexis Cantu
|
0-0: Intentional Walk
|
|
Pitching: LHP Neal Brody
|
|
|
Batting: RHB Badr al Din Ridha
|
0-0: Ball 1-0: Ball 2-0: Fly out, F6 (Popup, 56, EV 66.9 MPH)
|
| Top of the 8th over - 2 runs, 2 hits, 0 errors, 3 left on base; Danville 7 - Chicago (APP) 4 |
| BOTTOM OF THE 8TH |
|
Chicago (APP) Cubs batting - Pitching for Danville Braves : RHP Gordon Cushing
|
|
Pitching: RHP Jeremy Armstrong
|
|
|
Batting: RHB Ryan Bush
|
0-0: Ball 1-0: Foul Ball, location: 2F 1-1: Called Strike 1-2: Foul Ball, location: 2F 1-2: Foul Ball, location: 2F 1-2: Fly out, F4 (Popup, 34S, EV 80.6 MPH)
|
|
Batting: LHB Mark Ingram
|
0-0: Foul Ball, location: 2F 0-1: Foul Ball, location: 2F 0-2: Strikes out swinging
|
|
DELAY
|
Rain delay of 26 minutes in the 8th inning.
|
|
Batting: SHB Gabriel Cruz
|
0-0: Foul Ball, location: 2F 0-1: Ball 1-1: Swinging Strike 1-2: Ball 2-2: Ball 3-2: Foul Ball, location: 2F 3-2: Foul Ball, location: 2F 3-2: Strikes out swinging
|
| Bottom of the 8th over - 0 runs, 0 hits, 0 errors, 0 left on base; Danville 7 - Chicago (APP) 4 |
| TOP OF THE 9TH |
|
Danville Braves batting - Pitching for Chicago (APP) Cubs : LHP Neal Brody
|
|
Batting: RHB Ingidayehu Lagat
|
0-0: Swinging Strike 0-1: Called Strike 0-2: Ball 1-2: Strikes out swinging
|
|
Batting: SHB Jordan Barragan
|
0-0: Ball 1-0: Called Strike 1-1: Foul Ball, location: 2F 1-2: Ball 2-2: Ball 3-2: Strikes out looking
|
|
Batting: RHB Zach Hulme
|
0-0: Ball 1-0: Ball 2-0: Ball 3-0: Called Strike 3-1: DOUBLE (Line Drive, 5D, EV 100.6 MPH)
|
|
Batting: RHB Armando Moz
|
0-0: Intentional Walk
|
|
Batting: RHB Adonis Jenifer
|
0-0: SINGLE (Groundball, 6MD, EV 105.0 MPH) Zach Hulme to third Armando Moz to second Runner from 3rd tries for Home, SAFE, throw by CF to home
|
|
Batting: LHB Erik Gretzky
|
0-0: Ball 1-0: SINGLE (Line Drive, 89S, EV 94.4 MPH) Armando Moz to third Adonis Jenifer to second
|
|
Batting: RHB Hisayuki Akiyama
|
0-0: Ball 1-0: Ball 2-0: Called Strike 2-1: Ground out 3-1 (Groundball, 34, EV 104.4 MPH)
|
| Top of the 9th over - 1 run, 3 hits, 0 errors, 3 left on base; Danville 8 - Chicago (APP) 4 |
| BOTTOM OF THE 9TH |
|
Chicago (APP) Cubs batting - Pitching for Danville Braves : RHP Jeremy Armstrong
|
|
Pitching: LHP Shingo Miura
|
|
|
Batting: RHB Han-seung Hah
|
0-0: Foul Ball, location: 2F 0-1: SOLO HOME RUN (Line Drive, 9LD, EV 91.3 MPH), Distance : 350 ft
|
|
Batting: RHB Jake Mitchell
|
0-0: Called Strike 0-1: Ball 1-1: Foul Ball, location: 2F 1-2: Strikes out swinging
|
|
Batting: RHB Jerry Blas
|
0-0: Ball 1-0: Swinging Strike 1-1: Called Strike 1-2: Strikes out swinging
|
|
Batting: RHB Andy Huntley
|
0-0: Ball 1-0: Called Strike 1-1: Ball 2-1: Foul Ball, location: 2F 2-2: Ball 3-2: Foul Ball, location: 2F 3-2: Base on Balls
|
|
Batting: RHB Leonardo Nava
|
0-0: Ball 1-0: Swinging Strike Passed Ball! Andy Huntley to second 1-1: Ground out 5-3 (Groundball, 5, EV 84.4 MPH)
|
| Bottom of the 9th over - 1 run, 1 hit, 0 errors, 1 left on base; Danville 8 - Chicago (APP) 5 |
|